 Dungeon Crawl Stone Soup version 0.25.1-2-g60ff931df9 (webtiles) character file.

Game seed: 6385975942694377587

217 Qrupt the Firebug (level 5, 0/42 HPs)
             Began as a Draconian Fire Elementalist on Oct 14, 2020.
             Hit by a boomerang thrown by an orc (7 damage)
             ... on level 4 of the Dungeon.
             The game lasted 00:06:48 (4572 turns).

Qrupt the Firebug (Draconian Fire Elementalist)     Turns: 4572, Time: 00:06:49

Health: 0/42       AC:  5    Str: 10    XL:     5   Next: 62%
Magic:  3/9        EV: 12    Int: 16    God:
Gold:   230        SH:  0    Dex: 12    Spells: 2/10 levels left

rFire    . . .     SeeInvis .   i - +1 halberd (venom)
rCold    . . .     Gourm    .   (shield currently unavailable)
rNeg     . . .     Faith    .   (armour unavailable)
rPois    .         Spirit   .   (helmet restricted)
rElec    .         Reflect  .   (no cloak)
rCorr    .         Harm     .   (no gloves)
MR       .....                  (no boots)
Stlth    ++........             (no amulet)
HPRegen  0.14/turn              (no ring)
MPRegen  0.11/turn              (no ring)

@: no status effects
A: unfitting armour, cold-blooded, AC +5
a: no special abilities


You were on level 4 of the Dungeon.
You were hungry.

You visited 1 branch of the dungeon, and saw 4 of its levels.

You collected 230 gold pieces.

Inventory:

Hand Weapons
 h - a +0 spear
 i - a +1 halberd of venom (weapon)
Missiles
 u - 6 poisoned darts (quivered)
Jewellery
 l - an uncursed amulet of the acrobat {unknown}
Wands
 w - a wand of paralysis (7)
Scrolls
 d - 2 scrolls of identify {unknown}
 e - a scroll of blinking {unknown}
 f - 3 scrolls of remove curse {unknown}
 j - a scroll of enchant weapon {unknown}
 o - a scroll of magic mapping {unknown}
 p - 2 scrolls of teleportation {unknown}
 r - a scroll of immolation {unknown}
 s - a scroll of fear {unknown}
 x - a scroll of random uselessness {unknown}
Potions
 a - 4 potions of heal wounds {unknown}
 c - 4 potions of curing
 g - 3 potions of stabbing {unknown}
 k - 2 potions of flight {unknown}
 m - a potion of brilliance {unknown}
 n - a potion of degeneration {unknown}
 q - a potion of magic {unknown}
 t - a potion of might {unknown}
Comestibles
 b - 7 rations


   Skills:
 + Level 2.7 Fighting
 - Level 1.7 Dodging
 - Level 1.7 Stealth
 + Level 3.1 Spellcasting
 + Level 2.9 Conjurations
 + Level 4.1 Fire Magic


You had 2 spell levels left.
You knew the following spells:

 Your Spells              Type           Power        Failure   Level  Hunger
a - Foxfire               Conj/Fire      ##..         4%          1    None
b - Conjure Flame         Conj/Fire      ##......     13%         3    ###....
c - Sticky Flame          Conj/Fire      ##......     41%         4    ####...

Your spell library contained the following spells:

 Spells                   Type           Power        Failure   Level  Hunger
 Inner Flame              Hex/Fire       #.......     24%         3    ###....
 Fireball                 Conj/Fire      ##........   77%         5    ######.


Dungeon Overview and Level Annotations

Branches:
Dungeon (4/15)
 Temple: D:4-7

Altars:
Cheibriados


Innate Abilities, Weirdness & Mutations

Your plain brown scales are hard. (AC +5)
You cannot fit into any form of body armour.
You are cold-blooded and may be slowed by cold attacks.


Message History

You conjure some foxfire!
The foxfire hits something.
The foxfire hits something but does no damage.
The orc hits you with a +0 flail!
* * * LOW HITPOINT WARNING * * *
Something barely misses you. The orc misses you.
It was a potion of curing.
You feel better. The orc hits you with a +0 flail.
* * * LOW HITPOINT WARNING * * *
Something barely misses you. Something hits you but does no damage.
You hear some strange, mumbled words.
A puff of flame appears from out of thin air!
The puff of flame hits you!
* * * LOW HITPOINT WARNING * * *
The orc throws a boomerang.
The weapon returns to the orc!
You feel better. Something hits you but does no damage.
The orc barely misses you.
The orc throws a boomerang.
The boomerang hits you.
* * * LOW HITPOINT WARNING * * *
The weapon returns to the orc!
The orc throws a boomerang.
The boomerang hits you!
You die...

#.......
.....
#####))#
##..##..#
#.......#
#....o..#
#.......#
#.o.....#
#.@.....#
#.......#
#########


You could see 2 orcs.

Vanquished Creatures
  8 gnolls
  5 adders
  An ooze (D:4)
  2 dart slugs
  2 worms
  A leopard gecko (D:3)
  7 orcs
  5 giant cockroaches
  7 goblins
  5 hobgoblins
  7 jackals (D:3)
  9 kobolds
  A quokka (D:4)
  A ball python (D:2)
  9 bats
  4 frilled lizards
  4 rats
78 creatures vanquished.

Vanquished Creatures (others)
  206 foxfires
206 creatures vanquished.

Grand Total: 284 creatures vanquished

Notes
Turn   | Place    | Note
-------+----------+-------------------------------------------
     0 | D:1      | Qrupt the Draconian Fire Elementalist began the quest for
                  | the Orb.
     0 | D:1      | Reached XP level 1. HP: 14/14 MP: 3/3
   444 | D:1      | Reached XP level 2. HP: 22/22 MP: 0/5
   718 | D:1      | Reached skill level 1 in Fighting
  1241 | D:2      | Reached XP level 3. HP: 28/28 MP: 3/6
  1418 | D:2      | Found a snail-covered altar of Cheibriados.
  1881 | D:2      | Reached XP level 4. HP: 36/36 MP: 4/7
  3157 | D:2      | Reached XP level 5. HP: 33/41 MP: 6/9
  3946 | D:3      | Learned a level 3 spell: Conjure Flame
  3951 | D:3      | Learned a level 4 spell: Sticky Flame
  3995 | D:3      | Reached skill level 4 in Fire Magic
  4570 | D:4      | HP: 2/42 [something/puff of flame (10)]
  4572 | D:4      | Hit by a boomerang thrown by an orc

Illustrated notes

Levels and vault maps discovered:
D:1:      minmay_arrival_doors, layout_basic, serial_bayou_pond_d
D:2:      layout_rooms, kennysheep_slug_shrine
D:3:      layout_loops_corners, first_ration
D:4:      layout_gridville, serial_shops, shop, uniq_natasha

Skill      XL: |  1  2  3  4  5 |
---------------+----------------+-----
Fighting       | 1 2 |  2.7
Conjurations   | 2 |  2.9
Spellcasting   | 3 |  3.1
Fire Magic     | 4 |  4.1
Dodging        | |  1.7
Stealth        | |  1.7

Action                   |  1- 3 |  4- 6 || total
-------------------------+-------+-------++-------
Melee: Unarmed           |    15 |       ||    15
       Tailslap          |     1 |     4 ||     5
       Halberd           |     8 |    75 ||    83
 Cast: Foxfire           |    65 |    68 ||   133
  Use: Potion            |       |     2 ||     2
 Stab: Sleeping          |       |     4 ||     4
       Distracted        |       |     1 ||     1
  Eat: Chunk             |     3 |     9 ||    12
Armor: Skin              |    23 |    33 ||    56
Dodge: Dodged            |    51 |   119 ||   170
